 Dungeon Crawl Stone Soup version 0.31-a0-819-gf6de2f5ab6 (webtiles) character file.

Game seed: 14338433730914465957

1503 themarg the Trooper (level 8, -3/81 HPs)
             Began as a Troll Fighter on Sept 24, 2023.
             Slain by a hornet (13 damage)
             ... while paralysed by a hornet
             ... on level 9 of the Dungeon.
             The game lasted 00:10:46 (4989 turns).

themarg the Trooper (Troll Fighter)                 Turns: 4989, Time: 00:10:47

Health: -3/81      AC:  4    Str: 27    XL:     8   Next: 52%
Magic:  7/7        EV:  1    Int:  4    God:
Gold:   452        SH:  0    Dex:  9    Spells: 7/7 levels left

rFire   + .          .
                       - Unarmed
rCold   . . .        b - +0 kite shield
rNeg    . . .        a - +0 robe
rPois   .            (helmet restricted)
rElec   .            (no cloak)
rCorr   .            (gloves unavailable)
SInv    .            (boots unavailable)
Will    .....        (no amulet)
Stlth   +            p - ring of protection from fire
HPRegen 1.13/turn    (no ring)
MPRegen 0.10/turn

%: no passive effects
@: paralysed, lethally poisoned (-3 -> -3), slowed
A: large, unfitting armour, claws 3, regeneration 1, shaggy fur 1, tough skin 1
a: no special abilities


You were on level 9 of the Dungeon.
You visited 1 branch of the dungeon, and saw 9 of its levels.

You collected 452 gold pieces.

Inventory:

Hand Weapons
 u - a +1 antimagic morningstar
Missiles
 f - 87 stones
 i - 11 poisoned darts
 k - 4 boomerangs
 m - 6 darts of dispersal
 w - 3 datura-tipped darts
Armour
 a - a +0 robe (worn)
 b - a +0 kite shield (worn)
Jewellery
 p - a ring of protection from fire (left claw)
Wands
 n - a wand of paralysis (22)
 z - a wand of iceblast (5) (quivered)
Scrolls
 d - 2 scrolls of enchant armour
 j - 4 scrolls of teleportation
 o - 2 scrolls of fog
 q - a scroll of enchant weapon
 t - a scroll of blinking {unknown}
 v - a scroll of amnesia {unknown}
 y - a scroll of vulnerability {unknown}
Potions
 c - 2 potions of might
 e - 2 potions of resistance
 g - a potion of degeneration {unknown}
 h - 3 potions of invisibility
 l - 2 potions of attraction
 r - 2 potions of lignification {unknown}
 s - a potion of curing {unknown}
 x - a potion of haste {unknown}
 A - a potion of enlightenment {unknown}
 B - a potion of cancellation {unknown}


   Skills:
 + Level 5.4 Fighting
 - Level 5.0 Throwing
 - Level 2.4 Dodging
 + Level 5.4 Shields
 - Level 5.0 Unarmed Combat


You had 7 spell levels left.
You didn't know any spells.
Your spell library contained the following spells:

 Spells                   Type           Power      Damage    Failure   Level
 Apportation              Tloc           0%         N/A       73%         1
 Jinxbite                 Hex            0%         N/A       86%         2
 Alistair's Intoxication  Tmut/Pois      0%         N/A       100%        5


Dungeon Overview and Level Annotations

Branches:
Dungeon (10/15)
 Temple: D:4-7         Lair: D:8-11         Orc: D:9-12

Altars:
Elyvilon
Gozag
Ru
Yredelemnul

Shops:
D:6 [

Annotations:
D:3 3 runed translucent doors, 1 exclusion, Wurlitzer's ghost, amateur DEIE


Innate Abilities, Weirdness & Mutations

You are too large for most types of armour.
You have claws for hands.
Your natural rate of healing is unusually fast.
You are covered in fur. (AC +1)
You have tough skin. (AC +1)


Message History

The hornet is lightly wounded.
The hornet closely misses you.
You closely miss the hornet.
The hornet is lightly wounded.
You block the hornet's attack. The hornet closely misses you.
You barely miss the hornet.
The hornet is lightly wounded.
You block the hornet's attack.
You barely miss the hornet.
The hornet is lightly wounded.
The hornet stings you.
You feel yourself slow down. The hornet barely misses you.
A wyvern comes into view.
You barely miss the hornet.
The hornet is lightly wounded.
The wyvern hisses angrily.
The hornet stings you!
You are poisoned.
You feel as though you will be slow longer.
The hornet stings you.
You feel as though you will be slow longer.
You scratch the hornet.
The hornet is moderately wounded.
You feel very sick. The hornet stings you.
You feel as though you will be slow longer.
The hornet stings you.
You feel as though you will be slow longer.
You claw the hornet!
The hornet is heavily wounded.
You feel sick. The wyvern bites you. The hornet stings you!
You suddenly lose the ability to move!
The wyvern bites you. The hornet stings you!
* * * LOW HITPOINT WARNING * * *
You feel as though you will be slow longer.
The wyvern bites you!
* * * LOW HITPOINT WARNING * * *
You feel sick. The hornet stings you!
You die...

#...# #...# #...#
###...# #.....########
#............##########.
#.......................
##......................
#.............l@y......
#......................
#####......############
#......# #......#
#......# #.....##
#.....#


You could see a hornet and a wyvern.

Vanquished Creatures
  A water moccasin (D:5)
  A black bear (D:6)
  An orc warrior (D:5)
  An ogre (D:5)
  3 phantoms
  4 scorpions
  3 jellies
  6 hounds
  An orc priest (D:5)
  2 iguanas
  2 sleepcaps (D:6)
  An orc wizard (D:5)
  Robin (D:3)
  3 gnolls (D:3)
  7 adders
  3 white imps
  An ufetubus (D:5)
  2 dart slugs
  4 orcs (D:5)
  9 bats
  6 endoplasms
  A giant cockroach (D:4)
  17 goblins
  13 hobgoblins
  3 jackals (D:4)
  4 kobolds
  5 quokkas
  9 ball pythons
  5 frilled lizards
  2 quokka zombies (D:3)
  7 rats
128 creatures vanquished.

Notes
Turn   | Place    | Note
-------+----------+-------------------------------------------
     0 | D:1      | themarg the Troll Fighter began the quest for the Orb.
     0 | D:1      | Reached XP level 1. HP: 22/22 MP: 0/0
    86 | D:1      | Reached XP level 2. HP: 27/29 MP: 1/1
   668 | D:2      | Reached XP level 3. HP: 35/36 MP: 2/2
  1166 | D:2      | Reached XP level 4. HP: 43/45 MP: 3/3
  1499 | D:3      | Noticed Robin
  1523 | D:3      | Killed Robin
  1798 | D:3      | Reached XP level 5. HP: 48/53 MP: 4/4
  2057 | D:3      | Found a runed translucent gate.
  2057 | D:3      | Found a runed translucent gate.
  2057 | D:3      | Found a runed translucent gate.
  2057 | D:3      | Noticed Wurlitzer's ghost (amateur DEIE)
  2059 | D:3      | Found a basalt altar of Yredelemnul.
  2930 | D:5      | Entered Level 5 of the Dungeon
  2954 | D:5      | Reached XP level 6. HP: 62/62 MP: 5/5
  2991 | D:5      | Noticed a water moccasin
  3006 | D:5      | Killed a water moccasin
  3396 | D:5      | Noticed an orc warrior
  3414 | D:5      | Reached XP level 7. HP: 69/71 MP: 6/6
  3475 | D:5      | Reached skill level 5 in Shields
  3475 | D:5      | Reached skill level 5 in Unarmed Combat
  3524 | D:5      | Reached skill level 5 in Fighting
  3524 | D:5      | Reached skill level 1 in Throwing
  3858 | D:5      | Identified the +0 ring mail of Orthodoxy {+Blink Str+3}
  3991 | D:6      | Reached XP level 8. HP: 77/80 MP: 7/7
  4047 | D:6      | Found a sacrificial altar of Ru.
  4136 | D:6      | Found a white marble altar of Elyvilon.
  4368 | D:6      | Found an opulent altar of Gozag.
  4395 | D:6      | Found Jored's Antique Armour Shoppe.
  4579 | D:6      | Reached skill level 5 in Throwing
  4940 | D:7      | You fall into a shaft and drop 3 floors!
  4940 | D:10     | Entered Level 10 of the Dungeon
  4979 | D:9      | Noticed a hornet
  4988 | D:9      | Paralysed by a hornet for 2 turns
  4989 | D:9      | Slain by a hornet

Illustrated notes

Levels and vault maps discovered:
D:1:      minmay_arrival_solitary_statue, layout_basic, minivault_26
D:2:      kennysheep_big_flooded_room, layout_basic
D:3:      cheibrodos_greedy_goblins, layout_basic,
          nicolae_yredelemnul_ghost_church, uniq_robin
D:4:      layout_gridville
D:5:      layout_cave_pods, minmay_pentangle
D:6:      layout_basic, elyvilon_altar_3, lemuel_round_altar,
          hangedman_ru_absence, serial_shops, shop, serial_rivers,
          chequers_serial_rivers_marsh, chequers_serial_rivers_room_b,
          chequers_serial_rivers_marsh, chequers_serial_rivers_small_b,
          minmay_misc_feat_more_columns
D:7:      layout_cave_pools, nicolae_overflow_crystal_walls,
          minmay_temple_entry_fiery
D:9:      layout_irregular_city, minmay_three_doors
D:10:     layout_roguey, nicolae_overflow_two_pavilions, orc_david_3

Skill      XL: |  1  2  3  4  5  6  7  8 |
---------------+-------------------------+-----
Shields        | 3 4 5 |  5.4
Fighting       | 3 4 5 |  5.4
Unarmed Combat | 3 4 5 |  5.0
Throwing       | 3 5 |  5.0
Dodging        | |  2.4

Action                     |  1- 3 |  4- 6 |  7- 9 || total
---------------------------+-------+-------+-------++-------
  Melee: Unarmed           |    94 |   153 |   124 ||   371
  Throw: Boomerang         |     1 |       |       ||     1
         Dart              |       |       |     4 ||     4
  Evoke: Wand              |       |       |     1 ||     1
    Use: Scroll            |       |     7 |       ||     7
   Stab: Sleeping          |       |     1 |     1 ||     2
 Armour: Robe              |    52 |    51 |    60 ||   163
  Dodge: Dodged            |    33 |    59 |    41 ||   133
  Block: Kite shield       |    38 |    55 |    47 ||   140

Table legend: (Time is in decaauts)
 A = Elapsed time spent in this place.
 B = Non-inter-level travel time spent in this place.
 C = Inter-level travel time spent in this place.
 D = Time resting spent in this place.
 E = Time spent auto-exploring this place.
 F = Levels seen in this place.
 G = Mean time per level.
                   A        B        C        D        E       F      G
               +--------+--------+--------+--------+--------+-----+--------+
         Total |   5003 |   4837 |    166 |     25 |   3897 |   9 |  555.9 |
       Dungeon |   5003 |   4837 |    166 |     25 |   3897 |   9 |  555.9 |
               +--------+--------+--------+--------+--------+-----+--------+

Top non-repeatable levels by time:
     D:5: 1055 daAuts
     D:3: 995 daAuts
     D:6: 886 daAuts
     D:4: 711 daAuts
     D:2: 649 daAuts
     D:1: 586 daAuts
     D:7: 69 daAuts
     D:9: 47 daAuts
    D:10: 2 daAuts
